 Dungeon Crawl Stone Soup version 0.20.1-1-g8b1a95d (console) character file.

422 hilaritas the Slasher (level 6, -6/46 HPs)
             Began as a Vampire Fighter on Oct 27, 2017.
             Was a Follower of Okawaru.
             Mangled by an ogre
             ... wielding a +0 giant spiked club
              (24 damage)
             ... on level 4 of the Dungeon.
             The game lasted 00:07:45 (2985 turns).

hilaritas the Slasher (Vampire Fighter)             Turns: 2985, Time: 00:07:46

Health: -6/46      AC:  8    Str: 17    XL:     6   Next: 63%
Magic:  0/7        EV:  7    Int: 10    God:    Okawaru [*.....]
Gold:   152        SH: 10    Dex: 14    Spells: 5/5 levels left

rFire    . . .     SeeInvis +   a - +1 long sword
rCold    . . .     Gourm    .   c - +1 shield
rNeg     + . .     Faith    .   b - +0 scale mail
rPois    .         Spirit   +   (no helmet)
rElec    .         Reflect  .   w - +0 cloak
rCorr    .         Harm     .   j - +0 pair of gloves
MR       +....                  (no boots)
Stlth    ..........             s - amulet of guardian spirit
Regen    0.2/turn               h - ring of protection from magic
MPRegen  0.1/turn               (no ring)

@: no status effects
A: fangs 3, see invisible, unbreathing
a: Bat Form, Heroism, Renounce Religion


You were on level 4 of the Dungeon.
You worshipped Okawaru.
Okawaru was aware of your devotion.
You were not thirsty.

You visited 1 branch of the dungeon, and saw 4 of its levels.

You collected 152 gold pieces.

Inventory:

Hand Weapons
 a - a +1 long sword (weapon)
Missiles
 u - 6 javelins (quivered)
Armour
 b - a +0 scale mail (worn)
 c - a +1 shield (worn)
 j - a +0 pair of gloves (worn)
 w - a +0 cloak (worn)
Jewellery
 f - an uncursed ring of fire
 h - a ring of protection from magic (left hand)
 s - an amulet of guardian spirit (around neck)
Wands
 v - a wand of polymorph (24/24)
Scrolls
 g - 2 scrolls of identify
 i - 2 scrolls of fog
 p - a scroll of amnesia
Potions
 d - 2 potions of might
 e - 12 potions of blood
 k - 2 potions of heal wounds {unknown}
 m - a potion of flight {unknown}
 n - a potion of haste


   Skills:
 - Level 2.6 Fighting
 * Level 5.6 Long Blades
 - Level 2.4 Armour
 + Level 4.2 Shields
 * Level 1.8 Invocations


You had 5 spell levels left.
You didn't know any spells.

Dungeon Overview and Level Annotations

Branches:
Dungeon (4/15)
 Temple: D:4-7

Altars:
Hepliaklqana
Nemelex Xobeh
Okawaru
Qazlal
Sif Muna
Yredelemnul


Innate Abilities, Weirdness & Mutations

You have razor-sharp teeth.
You have supernaturally acute eyesight. (SInv)
You can survive without breathing.


Message History

You hit the ogre.
The ogre is lightly wounded.
You block the ogre's attack.
You completely miss the ogre.
The ogre is lightly wounded.
The ogre hits you with a giant spiked club.
You barely miss the ogre. You bite the ogre.
The ogre is lightly wounded.
The ogre hits you with a giant spiked club!!
Your shield and scale mail prevent you from hitting the ogre.
The ogre is lightly wounded.
The ogre barely misses you.
You hit the ogre.
The ogre is moderately wounded.
The orc priest casts a cantrip, but nothing happens.
You completely miss the ogre.
The ogre is moderately wounded.
The ogre hits you with a giant spiked club!!
Ouch! That really hurt!
You die...

,,,,,,,,,* *,**,,,,,* #.#
,***,**,,* *,***,,,** ##'## ,*
*,**,,* *,*,***** ##<..##
,***,**,,* *,...# ##.....##
,**,,**,,* **#..## ##.......##
,,,,,,,,,******#..?##*#(........#
,,,,,,,,,,,,,,,.....,,+.........+
,,,,,,,,,******#...***#.........#
***,****** #o.** ##.......## *,*
#O#* ##.....## *,* #@# ##.%.####
*,* #[# #......# *,* #.# #..###>#
***,* #.# #..###.# ,,,,*
#.####### #..#.... *****
####.......###....#.#
#>.........##.......#
#.##.......###.....##
#,*#................#
*,*#.......#####...##
*,*#.......# ##.##


You could see an ogre and an orc priest.

Vanquished Creatures
  An ogre (D:4)
  A bullfrog (D:4)
  2 orc priests (D:3)
  Crazy Yiuf (D:2)
  An orc wizard (D:3)
  An iguana (D:4)
  A worker ant (D:4)
  5 adders
  A worm (D:3)
  A leopard gecko (D:3)
  6 orcs
  2 giant cockroaches
  7 goblins
  6 hobgoblins
  8 jackals
  6 bats
  2 frilled lizards
  A jackal skeleton (D:4)
  4 kobolds
  4 rats
61 creatures vanquished.

Notes
Turn   | Place    | Note
-------+----------+-------------------------------------------
     0 | D:1      | hilaritas the Vampire Fighter began the quest for the Orb.
     0 | D:1      | Reached XP level 1. HP: 17/17 MP: 1/1
   270 | D:1      | Reached XP level 2. HP: 23/23 MP: 2/2
   813 | D:2      | Found an iron altar of Okawaru.
   828 | D:2      | Reached skill level 3 in Long Blades
   828 | D:2      | Reached XP level 3. HP: 28/28 MP: 3/3
   829 | D:2      | Became a worshipper of Warmaster Okawaru
  1045 | D:2      | Found a hazy altar of Hepliaklqana.
  1073 | D:2      | Found a basalt altar of Yredelemnul.
  1081 | D:2      | Found a stormy altar of Qazlal.
  1304 | D:2      | Found a runed door.
  1347 | D:2      | Noticed Crazy Yiuf
  1351 | D:2      | Killed Crazy Yiuf
  1351 | D:2      | Reached XP level 4. HP: 34/34 MP: 4/4
  2049 | D:3      | Reached skill level 4 in Long Blades
  2049 | D:3      | Reached skill level 1 in Invocations
  2049 | D:3      | Reached XP level 5. HP: 24/39 MP: 5/5
  2232 | D:3      | Found a sparkling altar of Nemelex Xobeh.
  2232 | D:3      | Found a deep blue altar of Sif Muna.
  2451 | D:4      | Noticed an ogre
  2461 | D:4      | Killed an ogre
  2461 | D:4      | Reached skill level 5 in Long Blades
  2461 | D:4      | Reached XP level 6. HP: 46/46 MP: 7/7
  2483 | D:4      | Reached * piety under Okawaru
  2985 | D:4      | Mangled by an ogre

Skill      XL: |  1  2  3  4  5 |
---------------+----------------+-----
Shields        | 3 4 |  4.2
Long Blades    | 3 4 5 |  5.6
Invocations    | 1 |  1.8
Fighting       | |  2.6
Armour         | |  2.4

Action                   |  1- 3 |  4- 6 || total
-------------------------+-------+-------++-------
Melee: Long sword        |    96 |   129 ||   225
       Bite              |    15 |    16 ||    31
Throw: Javelin           |     2 |     2 ||     4
  Use: Scroll            |       |     9 ||     9
  Eat: Corpse            |     7 |     5 ||    12
Armor: Scale mail        |    67 |    47 ||   114
Dodge: Dodged            |    21 |    39 ||    60
Block: Shield            |    51 |    63 ||   114
       Rpst.: Long sword |    11 |    18 ||    29
